 Dungeon Crawl Stone Soup version 0.27-a0-1513-g2aaa0cc67b (webtiles) character file.

Game seed: 3769198863667790464

161 blackman the Chopper (level 5, -6/41 HPs)
             Began as a Human Fighter on July 9, 2021.
             Mangled by Sigmund (10 damage)
             ... on level 4 of the Dungeon.
             The game lasted 00:05:56 (2797 turns).

blackman the Chopper (Human Fighter)                Turns: 2797, Time: 00:05:57

Health: -6/41      AC: 10    Str: 18    XL:     5   Next: 70%
Magic:  5/5        EV:  7    Int:  8    God:
Gold:   149        SH:  9    Dex: 12    Spells: 4/4 levels left

rFire    . . .     SeeInvis .   a - +0 war axe
rCold    . . .     Faith    .   c - +0 kite shield
rNeg     . . .     Spirit   .   b - +0 scale mail
rPois    .         Reflect  .   (no helmet)
rElec    .         Harm     .   e - scarf {repulsion}
rCorr    .         Rampage  .   (no gloves)
Will     .....                  (no boots)
Stlth    ..........             (no amulet)
HPRegen  0.13/turn              g - +4 ring of protection
MPRegen  0.09/turn              (no ring)

@: mighty, hasted, repel missiles, very quick
A: no striking features
a: no special abilities


You were on level 4 of the Dungeon.
You visited 1 branch of the dungeon, and saw 4 of its levels.

You collected 149 gold pieces.

Inventory:

Hand Weapons
 a - a +0 war axe (weapon)
Missiles
 m - 33 poisoned darts (quivered)
Armour
 b - a +0 scale mail (worn)
 c - a +0 kite shield (worn)
 e - a scarf of repulsion (worn)
Jewellery
 g - a +4 ring of protection (left hand)
 n - a +6 ring of intelligence
Scrolls
 f - a scroll of fear
 k - a scroll of identify
 l - a scroll of noise {unknown}
Potions
 h - a potion of heal wounds {unknown}


   Skills:
 - Level 3.0 Fighting
 * Level 5.4 Axes
 - Level 3.0 Armour
 - Level 3.0 Shields


You had 4 spell levels left.
You didn't know any spells.
Your spell library contained the following spells:

 Spells                   Type           Power      Damage    Failure   Level
 Animate Skeleton         Necr           0%         N/A       100%        1
 Pain                     Necr           0%         1d4       100%        1
 Inner Flame              Hex/Fire       0%         N/A       100%        3
 Ozocubu's Armour         Ice            0%         N/A       100%        3
 Vampiric Draining        Necr           0%         2d6       100%        3
 Cause Fear               Hex            0%         N/A       100%        4
 Metabolic Englaciation   Hex/Ice        0%         N/A       100%        5
 Simulacrum               Ice/Necr       0%         N/A       100%        6
 Discord                  Hex            0%         N/A       100%        8


Dungeon Overview and Level Annotations

Branches:
Dungeon (4/15)
 Temple: D:4-7

Altars:
Cheibriados

Annotations:
D:3 Grinder
D:4 Sigmund


Message History

You barely miss the goblin. The goblin hits you but does no damage.
Sigmund hits you from afar with a +2 scythe of flaming.
Sigmund burns you. You block the goblin's attack.
You slash the goblin!
You kill the goblin!
Sigmund points at you and mumbles some strange words.
The puff of flame hits you! Sigmund hits you but does no damage.
You feel very mighty all of a sudden. You block Sigmund's attack.
You feel yourself speed up. You block Sigmund's attack.
Items here: $ ))) ? †.
Your scale mail prevents you from hitting Sigmund.
Sigmund casts a spell.
Sigmund flickers and vanishes!
Deactivating autopickup; reactivate with Ctrl-A.
Your shield prevents you from hitting something.
You hear some strange, mumbled words.
You are confused.
You barely miss something.
You hear some strange, mumbled words.
A puff of flame appears from out of thin air!
The puff of flame hits you but does no damage.
You bump into the rock wall.
Something hits you but does no damage.
You are too confused!
Something hits you but does no damage.
You bump into the rock wall.
Something hits you. Something burns you.
* * * LOW HITPOINT WARNING * * *
Something hits you.
* * * LOW HITPOINT WARNING * * *
Something burns you.
* * * LOW HITPOINT WARNING * * *
You bump into the rock wall.
You bump into the rock wall.
Something hits you but does no damage.
You feel less confused.
You hear some strange, mumbled words.
A magic dart appears from out of thin air!
The magic dart hits you.
* * * LOW HITPOINT WARNING * * *
You closely miss something. Something hits you!
You die...

.# # .# #. ..#
#.#######..# ###
..........## #).####
##.#.....!...#
#.#.#.####............###
#...#..#.#### #){.......
#.#...#...#.####@########
)...#...#........#
#.#...#...#.######
#...#..#.#### #.#.#.####
#..#### ####.. .....#
######


There were no monsters in sight!

Vanquished Creatures
  An iguana (D:2)
  An orc wizard (D:3)
  Robin (D:2)
  An adder (D:2)
  3 worms
  5 dart slugs
  5 orcs
  4 ball pythons
  2 endoplasms
  2 giant cockroaches
  11 goblins
  9 hobgoblins
  3 jackals (D:1)
  3 quokkas
  5 bats
  4 frilled lizards
  4 kobolds
  3 rats
67 creatures vanquished.

Notes
Turn   | Place    | Note
-------+----------+-------------------------------------------
     0 | D:1      | blackman the Human Fighter began the quest for the Orb.
     0 | D:1      | Reached XP level 1. HP: 18/18 MP: 1/1
    79 | D:1      | Found a faded altar of an unknown god.
   233 | D:1      | Reached XP level 2. HP: 24/24 MP: 2/2
   400 | D:1      | Reached skill level 3 in Axes
   581 | D:1      | Reached XP level 3. HP: 29/29 MP: 3/3
  1007 | D:2      | Found a snail-covered altar of Cheibriados.
  1208 | D:2      | Reached skill level 4 in Axes
  1208 | D:2      | Reached XP level 4. HP: 11/35 MP: 4/4
  1672 | D:2      | Noticed Robin
  1729 | D:2      | Reached XP level 5. HP: 40/41 MP: 5/5
  1735 | D:2      | Killed Robin
  1828 | D:2      | Reached skill level 5 in Axes
  2115 | D:3      | Noticed Grinder
  2130 | D:3      | Paralysed by Grinder for 2 turns
  2135 | D:3      | Paralysed by Grinder for 4 turns
  2774 | D:4      | Noticed Sigmund
  2797 | D:4      | Mangled by Sigmund

Illustrated notes

Levels and vault maps discovered:
D:1:      ncdulo_halloftheorcs, layout_loops_ring,
          dreamdust_ecumenical_altar_statues, minmay_ruptured
D:2:      layout_basic, basic_altar, uniq_robin
D:3:      layout_rooms, serial_co_window_serial, co_window_paths_a,
          co_window_paths_b, co_window_paths_b, co_window_cross_1,
          co_window_cross_1, co_window_corner_b, co_window_corner_b,
          co_window_broadway_c, co_window_corner_b, co_window_paths_e,
          glass_columns_b, glass_columns_a, nrook_mini_vaults, uniq_grinder
D:4:      minmay_spotlight, layout_loops_ring, serial_shops,
          kennysheep_little_box, chequers_serial_rivers_small_3,
          serial_park_tiny_2, uniq_sigmund, uniq_eustachio

Skill      XL: |  1  2  3  4  5 |
---------------+----------------+-----
Axes           | 3 4 5 |  5.4
Fighting       | |  3.0
Armour         | |  3.0
Shields        | |  3.0

Action                   |  1- 3 |  4- 6 || total
-------------------------+-------+-------++-------
Melee: War axe           |   121 |    79 ||   200
Throw: Dart              |       |     1 ||     1
  Use: Scroll            |       |     3 ||     3
       Potion            |       |     2 ||     2
Armor: Scale mail        |    71 |    49 ||   120
Dodge: Dodged            |    43 |    27 ||    70
Block: Kite shield       |    67 |    55 ||   122

Table legend: (Time is in decaauts)
 A = Elapsed time spent in this place.
 B = Non-inter-level travel time spent in this place.
 C = Inter-level travel time spent in this place.
 D = Time resting spent in this place.
 E = Time spent auto-exploring this place.
 F = Levels seen in this place.
 G = Mean time per level.
                   A        B        C        D        E       F      G
               +--------+--------+--------+--------+--------+-----+--------+
         Total |   2899 |   2847 |     52 |    888 |   1401 |   4 |  724.8 |
       Dungeon |   2899 |   2847 |     52 |    888 |   1401 |   4 |  724.8 |
               +--------+--------+--------+--------+--------+-----+--------+

Top non-repeatable levels by time:
     D:1: 1063 daAuts
     D:2: 918 daAuts
     D:4: 517 daAuts
     D:3: 401 daAuts
